AoeStats
← FDAGZ

Arabia

508792101Analyzed
2v2 RM · 9d ago on Sep 24, 2026· 46m 28s· 4 players
Game mode
Random Map
Map size
Medium (4 player)
Population
200
Speed
Normal
Resources
Standard
Victory
Conquest
Starting age
Dark Age
Ending age
Imperial Age
RankedLock teamsTeams togetherTeam positionsShared explorationLock speedFull tech treeHidden civsTurbo modeCheats
Victory
Defeat
🇨🇴 Mongols · Colombia
881
+16
🇨🇴 Poles · Colombia
846
+18
🇺🇸 Danes · United States
890
-17
🇦🇺 Wu · Australia
883
-17
FDAGZ
4:22 Loom
10:00 Feudal Age
10:54 Double-Bit Axe
11:25 Horse Collar
20:40 Bloodlines
21:24 Forging
23:46 Wheelbarrow
26:52 Castle Age
25:25 Fletching
25:36 Padded Archer Armor
25:42 Scale Barding Armor
25:39 Gold Mining
28:54 Thumb Ring
28:54 Bodkin Arrow
29:52 Gold Shaft Mining
29:54 Hand Cart
30:03 Leather Archer Armor
30:09 Chain Barding Armor
32:40 Bow Saw
35:48 Ballistics
42:02 Imperial Age
40:46 Town Watch
42:29 Heavy Plow
42:43 Masonry
42:30 Murder Holes
43:05 Conscription
42:19 Capped Ram
43:10 Stone Mining
43:30 Town Patrol
43:50 Bracer
44:53 Chemistry
44:58 Parthian Tactics
44:44 Siege Ram
slim Shady1318
8:21 Loom
10:41 Feudal Age
11:32 Double-Bit Axe
12:59 Horse Collar
16:50 Bloodlines
16:58 Scale Mail Armor
17:14 Scale Barding Armor
20:55 Scale Mail Armor
21:08 Forging
25:14 Castle Age
27:28 Chain Barding Armor
27:45 Iron Casting
27:37 Husbandry
26:59 Light Cavalry
28:38 Heavy Plow
29:22 Wheelbarrow
30:20 Elite Skirmisher
32:19 Town Watch
33:05 Hand Cart
34:31 Bow Saw
37:03 Imperial Age
34:41 Szlachta Privileges
37:16 Town Patrol
37:25 Gold Mining
37:29 Stone Mining
38:15 Treadmill Crane
39:12 Elite Obuch
40:04 Fletching
40:15 Padded Archer Armor
41:15 Blast Furnace
40:20 Scale Mail Armor
40:24 Squires
40:09 Arson
40:53 Lechitic Legacy
42:48 Masonry
42:59 Ballistics
43:40 Chemistry
42:36 Murder Holes
44:20 Conscription
44:12 Cavalier
lactating blueberry
7:07 Loom
9:05 Feudal Age
11:34 Double-Bit Axe
20:19 Castle Age
19:48 Horse Collar
20:06 Stone Mining
20:07 Gold Mining
20:33 Fletching
22:47 Gold Shaft Mining
22:24 Bow Saw
22:16 Heavy Plow
25:35 Thumb Ring
25:41 Bodkin Arrow
27:07 Town Watch
27:57 Wheelbarrow
29:39 Scale Mail Armor
33:44 Stone Shaft Mining
37:18 Padded Archer Armor
39:23 Hand Cart
40:47 Forging
40:27 Hamask
41:12 Arson
41:27 Squires
41:16 Gambesons
44:18 Chain Mail Armor
46:39 Iron Casting
it_Solrac
6:49 Loom
7:00 Loom
10:08 Feudal Age
11:58 Double-Bit Axe
12:12 Man-at-Arms
12:38 Arson
18:58 Wheelbarrow
19:45 Fletching
20:11 Horse Collar
20:23 Gold Mining
30:27 Castle Age
32:58 Bodkin Arrow
37:35 Red Cliffs Tactics
40:54 Squires
42:52 Forging
43:01 Pikeman
Connection lost

Rejoining the realm…

Still unreachable

The connection could not be restored.

Session expired

The server has moved on; the page needs a fresh start.